cohdb
Replays
Latest Replays
All Replays
Popular Replays
Top Player Replays
Match Explorer
How It Works
Community
CoH3 Stats
Reddit
Sign in to upload your games and track your stats! →
Sign in with Steam
Match 43245001
Unlisted
Match 43245001
Overview
Messages
Build Orders
End
Construct Infanterie Kompanie
MG 42 Machine Gun Team
Grenadier Squad
Selects Breakthrough Battlegroup
Selects Assault Grenadiers
Grenadier Squad
Construct Panzergrenadier Kompanie
Support Elements
Selects Rapid Production
MG 42 Bunker
MG 42 Bunker
StuG III G Assault Gun
Pioneer Squad
Selects Breakthrough
Selects Mechanized Assault Group
Mechanized Assault Group
StuG III G Assault Gun
MG 42 Bunker
Selects Blitzkrieg
Construct Panzer Kompanie
Panzergrenadier Officer Quarters
Orchid
Larry
Victor
hogarthw
xFFlores42x
pongcom2522
手拿菜刀追一路
4rfvbg
0
0
Comments
sign in to comment!
No comments posted yet!